 Dungeon Crawl Stone Soup version 0.18.1-48-g4cf74bf (webtiles) character file.

81 Freeplumber the Skirmisher (level 4, 0/38 HPs)
             Began as a Centaur Fighter on July 9, 2016.
             Was an Initiate of Nemelex Xobeh.
             Killed from afar by an orc wizard (1 damage)
             ... with a magic dart
             ... on level 5 of the Dungeon.
             The game lasted 00:08:20 (574 turns).

Freeplumber the Skirmisher (Centaur Fighter)         Turns: 574, Time: 00:08:23

Health: 0/38       AC:  6    Str: 19    XL:     4   Next: 20%
Magic:  4/4        EV:  5    Int:  7    God:    Nemelex Xobeh [......]
Gold:   64         SH:  9    Dex:  9    Spells: 0 memorised, 3 levels left

rFire  . . .     SeeInvis .     a - +0 long sword
rCold  . . .     Gourm    .     b - +0 scale mail
rNeg   . . .     Faith    .     c - +1 shield
rPois  .         Spirit   .     (no helmet)
rElec  .         Dismiss  .     (no cloak)
rCorr  .         Reflect  .     (no gloves)
SustAt .         Harm     .     (no barding)
MR     .....                    (no amulet)
Stlth  ..........               (no ring)
                                (no ring)

@: slowed, not resistant to hostile enchantments, extremely unstealthy
A: hooves 3, deformed body, speed 2, tough skin 3
a: Renounce Religion


You were on level 5 of the Dungeon.
You worshipped Nemelex Xobeh.
Nemelex Xobeh was noncommittal.
You were not hungry.

You visited 1 branch of the dungeon, and saw 5 of its levels.

You collected 64 gold pieces.

Inventory:

Hand Weapons
 a - a +0 long sword (weapon)
Armour
 b - a +0 scale mail (worn)
 c - a +1 shield (worn)
Jewellery
 i - an uncursed ring of ice {unknown}
Scrolls
 l - 2 scrolls of identify
Potions
 d - a potion of might
 e - 2 potions of curing
 h - a potion of haste {unknown}
Miscellaneous
 j - a plain deck of war {drawn: 5}
Comestibles
 f - 2 bread rations


   Skills:
 + Level 3.5 Fighting
 + Level 1.8 Long Blades
 + Level 2.8 Armour
 + Level 0.2 Dodging
 + Level 2.8 Shields


You had 3 spell levels left.
You didn't know any spells.

Dungeon Overview and Level Annotations

Branches:
Dungeon (5/15)
 Temple: D:4-7

Altars:
Ashenzari
Dithmenos
Nemelex Xobeh
Ru

Shops:
D:5 *


Innate Abilities, Weirdness & Mutations

You have hooves in place of feet.
Armour fits poorly on your strangely shaped body.
You cover ground very quickly.
You have extremely tough skin (AC +3).


Message History

* * * LOW HITPOINT WARNING * * *
Read which item? (? for menu, Esc to quit)
As you read the scroll of fog, it crumbles to dust.
The scroll dissolves into smoke.
You block the orc wizard's attack. Something hits you but does no damage.
The orc wizard hits you but does no damage.
Something hits you but does no damage. The orc wizard barely misses you.
You hear some strange, mumbled words.
A puff of frost appears from out of thin air!
The puff of frost hits you!
* * * LOW HITPOINT WARNING * * *
Unknown command.
Evoke which item? (* to show all) (? for menu, Esc to quit)
You draw a card...
It is the Elixir.
The orc wizard hits you but does no damage.
You hear some strange, mumbled words.
A magic dart appears from out of thin air!
The magic dart hits you!
You die...
Your body disappears without a glow.

*,* *,,, *,* *,,, *,*
**** *,* * *,*******
*,,,,,,,, **###***
*********
*,.....########## *
*,***#..†)ooYY{@# *
*,#.....##o#Y##o# *
*,#.##.**#.#.##§#######
* *,*,*#,*
#.#o.........# *
*,,,,,,###.####.#####.#
** ***,***#........#
*.# *, *,*
#.≈...#.######.# *, *,*
#..............##* *,
*,* #...∩....#.#....,*
*****,


You could see a yak and an orc wizard.

Vanquished Creatures
  A howler monkey (D:4)
  An adder (D:4)
  A worm (D:5)
  A giant gecko (D:4)
  4 orcs
  2 giant cockroaches
  A goblin (D:3)
  A giant newt (D:1)
12 creatures vanquished.

Vanquished Creatures (collateral kills)
  A worker ant (D:4)
  2 orcs (D:4)
  A quokka (D:4)
4 creatures vanquished.

Grand Total: 16 creatures vanquished

Notes
Turn   | Place    | Note
--------------------------------------------------------------
     0 | D:1      | Freeplumber the Centaur Fighter began the quest for the Orb.
     0 | D:1      | Reached XP level 1. HP: 19/19 MP: 1/1
   275 | D:4      | Found a sparkling altar of Nemelex Xobeh.
   300 | D:4      | Became a worshipper of Nemelex Xobeh the Trickster
   313 | D:4      | Noticed a howler monkey
   321 | D:4      | Killed a howler monkey
   321 | D:4      | Reached XP level 2. HP: 24/26 MP: 2/2
   321 | D:4      | Reached XP level 3. HP: 29/31 MP: 3/3
   352 | D:4      | Received a gift from Nemelex Xobeh
   381 | D:4      | Found a shadowy altar of Dithmenos.
   381 | D:4      | Found a shattered altar of Ashenzari.
   433 | D:4      | Noticed a wyvern
   434 | D:4      | Reached XP level 4. HP: 33/38 MP: 4/4
   489 | D:4      | Found a sacrificial altar of Ru.
   509 | D:5      | Entered Level 5 of the Dungeon
   512 | D:5      | Found Deaso's Elemental Accessories.
   563 | D:5      | Noticed a yak
   566 | D:5      | Noticed a yak
   567 | D:5      | Noticed a yak
   573 | D:5      | HP: 1/38 [something/puff of frost (6)]
   574 | D:5      | Killed from afar by an orc wizard

Action                   |  1- 3 |  4- 6 || total
-------------------------+-------+-------++-------
Melee: Long sword        |    16 |    20 ||    36
       Kick              |     3 |     3 ||     6
Evoke: Deck              |     2 |     3 ||     5
  Use: Scroll            |     1 |     3 ||     4
       Potion            |     1 |     1 ||     2
Armor: Scale mail        |     7 |    32 ||    39
Dodge: Dodged            |     3 |     7 ||    10
Block: Shield            |    10 |    12 ||    22
